 Dungeon Crawl Stone Soup version 0.21-a0-142-gdd972a7 (webtiles) character file.

9 HateThisGame the Vexing (level 2, -1/19 HPs)
             Began as a Mummy Enchanter on July 23, 2017.
             Slain by a kobold
             ... wielding a +0 short sword
              (4 damage)
             ... on level 1 of the Dungeon.
             The game lasted 00:01:38 (715 turns).

HateThisGame the Vexing (Mummy Enchanter)            Turns: 715, Time: 00:01:39

Health: -1/19      AC:  2    Str: 11    XL:     2   Next: 6%
Magic:  0/5        EV: 12    Int: 14    God:
Gold:   20         SH:  0    Dex: 12    Spells: 3/6 levels left

rFire    x . .     SeeInvis .   a - +1 dagger
rCold    + . .     Gourm    .   (no shield)
rNeg     + + +     Faith    .   b - +0 robe
rPois    ∞         Spirit   .   (no helmet)
rElec    .         Reflect  .   (no cloak)
rCorr    .         Harm     .   (no gloves)
MR       .....                  (no boots)
Stlth    ++........             (no amulet)
HPRegen  0.06/turn              (no ring)
MPRegen  0.09/turn              (no ring)

@: very slightly contaminated
A: no food or potions, fire vulnerability, cold resistance 1, negative energy
resistance 3, torment resistance, unbreathing
a: no special abilities


You were on level 1 of the Dungeon.
You were not hungry.

You visited 1 branch of the dungeon, and saw 1 of its levels.

You collected 20 gold pieces.

Inventory:

Hand Weapons
 a - a +1 dagger (weapon)
Armour
 b - a +0 robe (worn)
Scrolls
 d - a scroll of remove curse {unknown}
 e - a scroll of fog {unknown}
 f - a scroll of magic mapping {unknown}
 g - a scroll of identify {unknown}
 h - a scroll of teleportation {unknown}
Books
 c - a book of Maledictions

   Spells                             Type                      Level
   a - Corona                         Hexes                        1
   b - Ensorcelled Hibernation        Hexes/Ice                    2
   c - Confuse                        Hexes                        3
   d - Tukima's Dance                 Hexes                        3
   e - Dazzling Spray                 Conjuration/Hexes            3


   Skills:
 - Level 0.7 Short Blades
 - Level 1.5 Dodging
 - Level 2.4 Stealth
 - Level 2.6 Spellcasting
 + Level 3.2 Hexes
 + Level 0.0 Ice Magic


You had 3 spell levels left.
You knew the following spells:

 Your Spells              Type           Power        Failure   Level  Hunger
a - Corona                Hex            ##.....      6%          1    N/A
b - Ensorcelled Hibernat  Hex/Ice        #.....       17%         2    N/A

Dungeon Overview and Level Annotations

Branches:
Dungeon (1/15)

Altars:


Innate Abilities, Weirdness & Mutations

You do not eat or drink.
Your flesh is vulnerable to fire.
You are immune to poison.
Your flesh is cold resistant. (rC+)
You are immune to negative energy. (rN+++)
You are immune to unholy pain and torment.
You can survive without breathing.


Message History

Casting: Ensorcelled Hibernation
Confirm with . or Enter, or press ? or * to list all spells.
Aiming: Corona
Press: ? - help, Shift-Dir - straight line, f/p - kobold
Aim: a kobold, wielding a short sword (chance to defeat MR: 64%)
The kobold is outlined in light.
The kobold barely misses you.
You closely miss the kobold. The kobold hits you with a short sword.
You hit the kobold but do no damage. The kobold hits you with a short sword.
You are too injured to fight recklessly!
You hit the kobold.
The kobold is severely wounded.
The kobold hits you with a short sword.
* * * LOW HITPOINT WARNING * * *
You closely miss the kobold.
The kobold is heavily wounded.
The kobold barely misses you.
You closely miss the kobold.
The kobold is heavily wounded.
The kobold hits you with a short sword.
You die...

#.# #.#.# #.# ..##.# #.#(# #.#
#.##.# #.#.# #.# #.##.# #.#.#
#######.# #.##.#
#.#.###.......# #.##.#
.#..##.#.###.. #.##.#
.##.##.#..###.
#######.##.#####.##.##.##'###+
#............@K..##.##.#...#..
#.#####.#.#########.##.#...#.>
##....###### #.##.#...#..
#............#.#..#.<.#.>
#.....#### #......#...#..
#..#.## #####.##...#.>
#.####..#.# #.##...#..
..........# #..##+###+
#######.### #.....#


You could see a kobold.

Vanquished Creatures
  A dart slug (D:1)
  2 bats (D:1)
  A goblin (D:1)
  A hobgoblin (D:1)
  A kobold (D:1)
  A rat (D:1)
7 creatures vanquished.

Notes
Turn   | Place    | Note
-------+----------+-------------------------------------------
     0 | D:1      | HateThisGame the Mummy Enchanter began the quest for the Orb.
     0 | D:1      | Reached XP level 1. HP: 13/13 MP: 4/4
   148 | D:1      | Reached skill level 3 in Hexes
   268 | D:1      | Reached XP level 2. HP: 11/19 MP: 2/5
   501 | D:1      | Learned a level 2 spell: Ensorcelled Hibernation
   715 | D:1      | Slain by a kobold

Vault maps used:
D:1:      minmay_arrival_up_and_down, fountainhead

Skill      XL: |  1 |
---------------+----+-----
Hexes          | 3 |  3.2
Short Blades   | |  0.7
Dodging        | |  1.5
Stealth        | |  2.4
Spellcasting   | |  2.6

Action                   || total
-------------------------++-------
Melee: Dagger            ||    27
 Cast: Corona            ||     9
       Ensorcelled Hiber ||     1
Armor: Robe              ||    12
Dodge: Dodged            ||    17
